Map: Heavy Artillery LE

Players

qqq

  • Race: Zerg Zerg
  • Spawn Location: 1:00

Massa

  • Race: Terran Terran
  • League: Platinum
  • Spawn Location: 3:00

hgku

  • Race: Zerg Zerg
  • League: Diamond
  • Spawn Location: 7:00

NathanHigger

  • Race: Protoss Protoss
  • Spawn Location: 7:00

VOD

Have the link to the VOD?

Description

Time

  • Played on: Oct. 4, 2020, 8:54 a.m.
  • Length: 4:32
Show
View Real Time Build Order
Export as new Build Order

qqq Zerg 

Build Orders: Hatch First 

Get SALT Encoding   

  12  0:01  Drone  
  13  0:09  Drone  
  14  0:34  Hatchery  
  13  0:38  Drone  
  14  0:55  Spawning Pool  
  13  1:03  Overlord  
  13  1:05  Drone  
  14  1:12  Extractor  
  14  1:13  Drone  
  14  1:21  Drone  
  15  1:26  Drone  
  16  1:47  Zergling x2  
  16  1:48  Zergling x2  
  16  1:49  Drone  
  16  1:52  Queen  
  21  2:03  Zergling x2  
  22  2:10  Drone x2  
  23  2:37  Extractor x2  
  21  2:49  Extractor  
  20  2:51  Zergling x2  
  20  2:52  Drone  
  20  2:53  Drone x4  
  23  3:22  Drone x2  
  23  3:23  Drone x2, Roach Warren  
  23  3:24  Queen  
  23  3:25  Overlord  
  28  3:42  Overlord  
  28  3:43  Overlord  
  28  3:48  Zergling x6  
  28  3:49  Zergling x2  
  28  3:51  Zergling x2  
  28  3:55  Zergling x2  
  31  4:12  Zergling x4  
  31  4:13  Zergling x4  
Show
View Real Time Build Order
Export as new Build Order

Massa Terran 

Build Orders: Gas First Reaper Expand 

Get SALT Encoding   

  12  0:00  SCV  
  13  0:12  SCV  
  14  0:24  SCV  
  14  0:25  Supply Depot  
  15  0:33  Refinery  
  15  0:46  SCV  
  15  0:48  Barracks  
  16  0:59  SCV  
  17  1:11  SCV  
  18  1:23  SCV  
  19  1:35  Reaper  
  19  1:38  Orbital Command  
  20  1:46  Command Center  
  20  1:53  Supply Depot  
  20  2:04  SCV  
  20  2:07  Marine  
  22  2:19  Bunker  
  22  2:38  SCV  
  22  2:39  Barracks Reactor  
  23  2:50  SCV  
  24  3:08  Orbital Command  
  23  3:14  Factory  
  23  3:15  Marine x2  
  25  3:21  SCV  
  26  3:27  Command Center  
  26  3:30  Refinery  
  26  3:33  SCV  
  27  3:35  SCV  
  27  3:42  Barracks  
  27  3:45  SCV, Supply Depot  
  27  3:52  Supply Depot  
  27  3:54  Marine x2  
  22  4:06  Hellion  
  24  4:12  Marine x2  
Show
View Real Time Build Order
Export as new Build Order

hgku Zerg 

Build Orders: Pool First 

Get SALT Encoding   

  12  0:00  Drone  
  13  0:09  Drone  
  14  0:18  Overlord  
  14  0:24  Extractor  
  14  0:25  Drone  
  14  0:37  Drone x2  
  16  0:44  Drone  
  17  0:52  Spawning Pool  
  16  1:00  Drone  
  17  1:06  Drone  
  18  1:18  Drone  
  19  1:31  Hatchery  
  18  1:40  Metabolic Boost  
  18  1:42  Zergling x2  
  19  1:49  Queen  
  19  1:53  Zergling x2  
  22  2:02  Overlord  
  22  2:21  Zergling x6  
  25  2:29  Queen  
  27  2:43  Zergling x6  
  27  3:01  Zergling x10  
  27  3:11  Drone x2  
  28  3:15  Baneling Nest  
  27  3:20  Drone  
  28  3:30  Drone x2  
  28  3:52  Drone x3  
  28  3:53  Drone x2  
  32  4:09  Drone  
  34  4:10  Drone x3  
  34  4:18  Drone  
  34  4:19  Drone x2  
Show
View Real Time Build Order
Export as new Build Order

NathanHigger Protoss 

Build Orders:  

Get SALT Encoding   

  12  0:05  Probe  
  13  0:14  Pylon  
  13  0:17  Probe  
  14  0:32  Gateway  
  14  0:35  Probe  
  15  0:45  Assimilator  
  16  0:50  Probe  
  16  1:04  Pylon  
  16  1:12  Probe  
  17  1:22  Cybernetics Core  
  17  1:23  Zealot  
  19  1:34  Probe  
  20  1:46  Probe  
  21  1:48  Gateway  
  21  1:49  Gateway  
  21  1:56  Gateway  
  20  2:36  Stalker  
  22  2:39  Warp Gate (Chrono Boost)  
  22  2:40  Stalker  
  22  2:41  Stalker  
  26  3:20  Stalker x2  
  30  3:49  Pylon  
  30  4:01  Pylon  
  34  4:17  Assimilator  
  34  4:19  Probe (Chrono Boost)  
  35  4:25  Stalker x2  
Tags
 
Add a new tag
Caveats
  • Supply blocks, unpowered buildings, or Contaminate may cause inaccurate times.
  • Supply counts are checked every 10 seconds.